 Dungeon Crawl Stone Soup version 0.28.0-49-g6dfe1f597d (webtiles) character file.

Game seed: 15589537290892001446

698504 Peloso the Minotaur Barricade (level 27, -8/191 HPs)
             Began as a Minotaur Fighter on May 14, 2022.
             Was the Champion of Okawaru.
             Mangled by a tentacled monstrosity (19 damage)
             ... summoned by an orange crystal statue
             ... on level 3 of the Realm of Zot.
             The game lasted 04:08:46 (72684 turns).

Peloso the Minotaur Barricade (Minotaur Fighter)   Turns: 72684, Time: 04:08:46

Health: -8/191     AC: 46    Str: 41      XL:     27
Magic:  21/29      EV: 11    Int:  7 (8)  God:    Okawaru [******]
Gold:   5253       SH: 29    Dex: 14      Spells: 27/27 levels left

rFire   + + .      SeeInvis +   b - +8 double sword (elec)
rCold   + + .      Faith    .   P - +6 kite shield of Immeulof {*Slow rElec rC+ SInv}
rNeg    + . .      Spirit   .   N - +9 scales of the Dragon King {rPois rF+ rC+ Will+}
rPois   +          Reflect  +   L - +3 crown of Dyrovepreva {rElec Int+2 SInv}
rElec   +          Harm     .   p - +4 cloak of Grot {Str+2 Stlth+}
rCorr   +          Rampage  .   V - +1 pair of gloves "Keth" {rF+ Will+ Int+4}
Will    ++++.                   j - +2 pair of boots of Goal {Regen+ Int-5 Dex+3 SInv}
Stlth   +.........              y - amulet "Nutoiras" {Reflect rCorr SH+5}
HPRegen 1.21/turn               F - ring "Meriveg" {rElec rN+}
MPRegen 0.21/turn               J - ring "Sutoamn" {rPois Str+7}

@: about to teleport, heroic, constricted, studying 4 skills
A: horns 2, retaliatory headbutt, clever 1, clumsy 1, deformed body, frail 3,
low MP 1, wild magic 1, no potion heal 1
}: 4/15 runes: barnacled, slimy, silver, gossamer
a: Renounce Religion, Heroism, Finesse, Duel


You were on level 3 of the Realm of Zot.
You worshipped Okawaru.
Okawaru was exalted by your worship.
You visited 13 branches of the dungeon, and saw 56 of its levels.
You also visited: Trove, Ice Cave and Wizlab.

You collected 9141 gold pieces.
You spent 3888 gold pieces at shops.

Inventory:

Hand Weapons
 a - the +8 autumn katana {vorpal, manifold assault}
   (You bought it in a shop on level 2 of the Orcish Mines)

   It sometimes launches melee attacks against multiple visible enemies.
 b - a +8 double sword of electrocution (weapon)
 c - the +9 demon blade "Jellybane" {venom, Str+4}
   (Okawaru gifted it to you on level 1 of the Lair of Beasts)

   It poisons the flesh of those it strikes.
   Str:       It affects your strength (+4).
 o - the +10 zealot's sword {holy, *Rage rN+ EV+3}
   (You found it on level 5 of the Vaults)

   It has been blessed by the Shining One to cause great damage to the undead
   and demons.
   Whenever the wielder enters a berserk rage, their allies are berserked
   alongside them.
   EV:        It affects your evasion (+3).
   rN:        It protects you from negative energy.
   *Rage:     It berserks you when you make melee attacks (+20% chance).
Missiles
 A - a throwing net (quivered)
Armour
 f - quicksilver dragon scales
 h - the +1 cloak of Starlight {*Dazzle EV+4 Stlth--}
   (Okawaru gifted it to you on level 1 of the Realm of Zot)

   It may blind those who miss an attack against the wearer in melee combat.
   EV:        It affects your evasion (+4).
   Stlth:     It makes you much less stealthy.
 j - the +2 pair of boots of Goal (worn) {Regen+ Int-5 Dex+3 SInv}
   (Okawaru gifted it to you on level 13 of the Dungeon)

   Int:       It affects your intelligence (-5).
   Dex:       It affects your dexterity (+3).
   SInv:      It lets you see invisible.
   Regen:     It increases your rate of health regeneration.
 p - the +4 cloak of Grot (worn) {Str+2 Stlth+}
   (You acquired it on level 4 of the Depths)

   Str:       It affects your strength (+2).
   Stlth:     It makes you more stealthy.
 t - the +8 orange crystal plate armour {Archmagi, Int+3 Clar}
   (You bought it in a shop on level 4 of the Dungeon)

   Int:       It affects your intelligence (+3).
   Clar:      It protects you against confusion.
 x - a +1 cloak of preservation
 L - the +3 crown of Dyrovepreva (worn) {rElec Int+2 SInv}
   (You found it in a treasure trove)

   Int:       It affects your intelligence (+2).
   rElec:     It insulates you from electricity.
   SInv:      It lets you see invisible.
 N - the +9 scales of the Dragon King (worn) {rPois rF+ rC+ Will+}
   (You found it on level 3 of the Crypt)

   rF:        It protects you from fire.
   rC:        It protects you from cold.
   rPois:     It protects you from poison.
   Will:      It increases your willpower.
 O - the +0 pair of boots "Apeff" {Rampage rElec Slay+3}
   (You found it in a treasure trove)

   Slay:      It affects your accuracy & damage with ranged weapons and melee
   (+3).
   rElec:     It insulates you from electricity.
   Rampage:   It bestows one free step when moving towards enemies.
 P - the +6 kite shield of Immeulof (worn) {*Slow rElec rC+ SInv}
   (You found it in a treasure trove)

   rC:        It protects you from cold.
   rElec:     It insulates you from electricity.
   SInv:      It lets you see invisible.
   *Slow:     It may slow you when you take damage.
 T - a scarf of resistance
 V - the +1 pair of gloves "Keth" (worn) {rF+ Will+ Int+4}
   (Okawaru gifted it to you on level 4 of the Vaults)

   Int:       It affects your intelligence (+4).
   rF:        It protects you from fire.
   Will:      It increases your willpower.
Jewellery
 l - the amulet of Lust {RegenMP Regen+}
   (You found it on level 2 of the Vaults)

   [amulet of magic regeneration]

   It increases your rate of magic regeneration.
   Regen:     It increases your rate of health regeneration.
 m - the dreamshard necklace {*Dream Drain}
   (You took it off a spriggan berserker on level 1 of the Depths)

   [amulet of nothing]

   It shatters if its wearer takes lethal or near-lethal damage, preventing the
   blow and releasing protective dreams that heal and fight for the wearer.
   Drain:     It drains your maximum health when unequipped.
 y - the amulet "Nutoiras" (around neck) {Reflect rCorr SH+5}
   (You found it on level 3 of the Crypt)

   [amulet of reflection]

   It reflects blocked missile attacks.
   rCorr:     It protects you from acid and corrosion.
   SH:        It affects your SH (+5).
 F - the ring "Meriveg" (left hand) {rElec rN+}
   (You found it on level 3 of the Crypt)

   [ring of positive energy]

   rElec:     It insulates you from electricity.
   rN:        It protects you from negative energy.
 H - the ring "Duklai" {Will++ Dex+6}
   (You found it on level 10 of the Dungeon)

   [ring of dexterity]

   Dex:       It affects your dexterity (+6).
   Will:      It greatly increases your willpower.
 J - the ring "Sutoamn" (right hand) {rPois Str+7}
   (You bought it in a shop on level 4 of the Vaults)

   [ring of poison resistance]

   Str:       It affects your strength (+7).
   rPois:     It protects you from poison.
 M - the amulet "Xeam" {Reflect rC- rN+ Int+5 SH+5}
   (You found it on level 3 of the Crypt)

   [amulet of reflection]

   It reflects blocked missile attacks.
   Int:       It affects your intelligence (+5).
   rC:        It makes you vulnerable to cold.
   rN:        It protects you from negative energy.
   SH:        It affects your SH (+5).
Wands
 z - a wand of flame (15)
 D - a wand of paralysis (4)
 R - a wand of digging (12)
Scrolls
 g - 7 scrolls of fear
 k - 14 scrolls of teleportation
 u - a scroll of fog
 w - 16 scrolls of immolation
 C - a scroll of enchant armour
 G - 6 scrolls of magic mapping
 I - a scroll of brand weapon
 K - a scroll of acquirement
 W - 3 scrolls of blinking
Potions
 d - 9 potions of might
 i - 4 potions of mutation
 n - 24 potions of curing
 q - a potion of cancellation
 r - 3 potions of berserk rage
 s - 9 potions of heal wounds
 v - 7 potions of haste
 B - 3 potions of resistance
 E - 12 potions of flight
Miscellaneous
 e - the horn of Geryon


   Skills:
 O Level 27 Fighting
 + Level 4.1(22.1) Short Blades
 O Level 27 Long Blades
 + Level 1.3(7.1) Axes
 + Level 1.4(7.1) Maces & Flails
 + Level 1.8(7.4) Polearms
 + Level 1.5(7.2) Staves
 + Level 1.2(6.5) Slings
 + Level 1.2(6.2) Bows
 + Level 1.3(6.3) Crossbows
 + Level 1.2(6.4) Throwing
 O Level 27 Armour
 + Level 6.4(11.4) Dodging
 + Level 14.1(19.1) Stealth
 O Level 27 Shields
 + Level 1.4(6.4) Unarmed Combat
 + Level 0.7 Spellcasting
 + Level 0.7 Conjurations
 + Level 0.7 Hexes
 + Level 1.5 Summonings
 + Level 0.8 Necromancy
 + Level 0.8 Translocations
 + Level 1.0 Transmutations
 + Level 1.0 Fire Magic
 + Level 0.7 Ice Magic
 + Level 1.0 Air Magic
 + Level 0.8 Earth Magic
 + Level 0.7 Poison Magic
 + Level 13.9 Invocations
 + Level 3.8 Evocations


You had 27 spell levels left.
You didn't know any spells.
Your spell library contained the following spells:

 Spells                   Type           Power      Damage    Failure   Level
 Apportation              Tloc           2%         N/A       78%         1
 Pain                     Necr           4%         1d4       78%         1
 Shock                    Conj/Air       4%         1d3       78%         1
 Freeze                   Ice            4%         1d3       80%         1
 Magic Dart               Conj           4%         1d3       82%         1
 Corpse Rot               Necr/Air       4%         N/A       88%         2
 Passwall                 Tmut/Erth      1%         N/A       88%         2
 Scorch                   Fire           4%         2d5       88%         2
 Static Discharge         Conj/Air       1%         N/A       89%         2
 Sublimation of Blood     Necr           1%         N/A       89%         2
 Ensorcelled Hibernation  Hex/Ice        2%         N/A       90%         2
 Conjure Flame            Conj/Fire      1%         6-21      98%         3
 Frozen Ramparts          Ice            2%         1d2       98%         3
 Ignite Poison            Fire/Tmut/Pois 2%         N/A       98%         3
 Lesser Beckoning         Tloc           1%         N/A       98%         3
 Mephitic Cloud           Conj/Pois/Air  1%         N/A       98%         3
 Portal Projectile        Hex/Tloc       2%         N/A       98%         3
 Stone Arrow              Conj/Erth      2%         3d7       98%         3
 Swiftness                Air            2%         N/A       98%         3
 Teleport Other           Tloc           1%         N/A       98%         3
 Vampiric Draining        Necr           1%         2d6       98%         3
 Confusing Touch          Hex            1%         N/A       99%         3
 Dazzling Flash           Conj/Hex       2%         N/A       99%         3
 Airstrike                Air            1%         N/A       100%        4
 Anguish                  Hex/Necr       0%         N/A       100%        4
 Cause Fear               Hex            0%         N/A       100%        4
 Dispel Undead            Necr           1%         3d6       100%        4
 Flame Wave               Conj/Fire      1%         2d4       100%        4
 Fulminant Prism          Conj/Hex       0%         3d6       100%        4
 Hailstorm                Conj/Ice       1%         3d3       100%        4
 Ice Form                 Ice/Tmut       1%         N/A       100%        4
 Iskenderun's Mystic Bla  Conj/Tloc      1%         2d3       100%        4
 Leda's Liquefaction      Hex/Erth       0%         N/A       100%        4
 Petrify                  Tmut/Erth      2%         N/A       100%        4
 Sticky Flame             Conj/Fire      1%         2d3       100%        4
 Agony                    Necr           1%         N/A       100%        5
 Alistair's Intoxication  Tmut/Pois      0%         N/A       100%        5
 Blade Hands              Tmut           1%         N/A       100%        5
 Excruciating Wounds      Necr           0%         N/A       100%        5
 Fireball                 Conj/Fire      0%         3d3       100%        5
 Irradiate                Conj/Tmut      0%         3d13      100%        5
 Iskenderun's Battlesphe  Conj           1%         2d6       100%        5
 Lee's Rapid Deconstruct  Erth           0%         3d5*      100%        5
 Silence                  Hex/Air        0%         N/A       100%        5
 Yara's Violent Unravell  Hex/Tmut       0%         3d3       100%        5
 Conjure Ball Lightning   Conj/Air       0%         3x3d6     100%        6
 Dispersal                Tloc           0%         N/A       100%        6
 Iron Shot                Conj/Erth      0%         9d1       100%        6
 Starburst                Conj/Fire      0%         6d3       100%        6
 Dragon Form              Tmut           1%         N/A       100%        7
 Enfeeble                 Hex            0%         N/A       100%        7
 Orb of Destruction       Conj           0%         9d5       100%        7
 Storm Form               Tmut/Air       1%         N/A       100%        7
 Borgnjor's Revivificati  Necr           0%         N/A       100%        8
 Ignition                 Fire           1%         3d3       100%        8
 Lehudib's Crystal Spear  Conj/Erth      0%         10d2      100%        8
 Maxwell's Capacitive Co  Air            1%         ∞         100%        8
 Necromutation            Tmut/Necr      1%         N/A       100%        8
 Animate Skeleton         Necr           Unusable   N/A       N/A         1
 Call Imp                 Summ           Unusable   N/A       N/A         2
 Call Canine Familiar     Summ           Unusable   N/A       N/A         3
 Animate Armour           Summ/Erth      Unusable   N/A       N/A         4
 Animate Dead             Necr           Unusable   N/A       N/A         4
 Summon Ice Beast         Ice/Summ       Unusable   N/A       N/A         4
 Summon Lightning Spire   Summ/Air       Unusable   N/A       N/A         4
 Summon Forest            Summ/Tloc      Unusable   N/A       N/A         5
 Summon Mana Viper        Hex/Summ       Unusable   N/A       N/A         5
 Death Channel            Necr           Unusable   N/A       N/A         6
 Simulacrum               Ice/Necr       Unusable   N/A       N/A         6
 Summon Cactus Giant      Summ           Unusable   N/A       N/A         6
 Haunt                    Necr/Summ      Unusable   N/A       N/A         7
 Spellforged Servitor     Conj/Summ      Unusable   N/A       N/A         7
 Infestation              Necr           Unusable   N/A       N/A         8
 Dragon's Call            Summ           Unusable   N/A       N/A         9

Dungeon Overview and Level Annotations

Branches:
Dungeon (15/15)            Temple (1/1) D:6            Lair (6/6) D:10
 Shoals (4/4) Lair:4       Spider (4/4) Lair:2        Slime (5/5) Lair:5
    Orc (2/2) D:11            Elf (3/3) Orc:2        Vaults (5/5) D:13
  Crypt (3/3) Vaults:3       Tomb (0/3) Crypt:3      Depths (4/4) D:15
   Hell (visited)             Dis (0/7) Hell            Geh (0/7) Hell
    Coc (0/7) Hell            Tar (0/7) Hell            Zot (3/5) Depths:4
  IceCv (visited)          WizLab (visited)

Altars:
Ashenzari
Cheibriados
Dithmenos
Elyvilon
Fedhas
Gozag
Hepliaklqana
Kikubaaqudgha
Makhleb
Nemelex Xobeh
Okawaru
Qazlal
Ru
Sif Muna
Trog
Uskayaw
Vehumet
Wu Jian
Xom
Yredelemnul
Zin
The Shining One
Beogh
Lugonu

Shops:
D:3 [   D:4 *!![   Orc:2 =*[(   Shoals:2 (   Vaults:2 *   Vaults:4 =
Depths:2 :

Portals:
Hell: Depths:1 Depths:2 Depths:3 Depths:4
Abyss: Depths:1 Depths:3 Depths:4
Pandemonium: Depths:2
Ziggurat: Depths:2

Annotations:
D:10 Casa
Zot:3 1 transporter, exclusion: 2 orange crystal statues, Iqaon's ghost, master GnFi


Innate Abilities, Weirdness & Mutations

You have a pair of horns on your head.
You reflexively headbutt those who attack you in melee.
Your mind is acute. (Int +2)
You are clumsy. (Dex -2)
Armour fits poorly on your strangely shaped body.
You are extremely frail. (-30% HP)
Your magical capacity is low. (-10% MP)
Your spells are a little harder to cast, but a little more powerful.
Potions are less effective at restoring your health.


Message History

You headbutt the tentacled monstrosity, but do no damage.
The tentacled monstrosity is heavily wounded.
The tentacled monstrosity tentacle-slaps you but does no damage.
You block the tentacled monstrosity's attack.
The tentacled monstrosity tentacle-slaps you but does no damage.
The tentacled monstrosity constricts you.
* * * LOW HITPOINT WARNING * * *
You barely miss the tentacled monstrosity.
The tentacled monstrosity is heavily wounded.
The tentacled monstrosity tentacle-slaps you but does no damage. x2
You block the tentacled monstrosity's attack.
The tentacled monstrosity constricts you.
* * * LOW HITPOINT WARNING * * *
Unknown command.
You slice the tentacled monstrosity!!
The tentacled monstrosity is severely wounded.
You block the tentacled monstrosity's attack. x3
The tentacled monstrosity constricts you.
* * * LOW HITPOINT WARNING * * *
The purple draconian shifter hits you but does no damage.
Unknown command.
You slice the tentacled monstrosity!!
You headbutt the tentacled monstrosity!!
The tentacled monstrosity is almost dead.
You block the tentacled monstrosity's attack. x3
The tentacled monstrosity constricts you.
You block the purple draconian shifter's attack.
Unknown command.
You hit the tentacled monstrosity. You headbutt the tentacled monstrosity!
The tentacled monstrosity is almost dead.
You block the tentacled monstrosity's attack. x2
The tentacled monstrosity tentacle-slaps you!
* * * LOW HITPOINT WARNING * * *
The tentacled monstrosity constricts you.
* * * LOW HITPOINT WARNING * * *
Your system partially rejects the healing.
You feel much better.
You block the tentacled monstrosity's attack.
The tentacled monstrosity tentacle-slaps you!!
You die...

###..^......########.....##
##.#......####..#####.......
##.#.....)...##....##........
##.##..##.........#...........
##.#####.......<...#...##...#..
##..# ##............#.........##
##...###.........©.............(#
#...###...^....#####....###......
......#.##....##@q.##...........#
.......##....##X###.##...).....##
......##....##.d≈)..≈##...####.#.
.....##....##8.d§§.≈.8##.........
..........##≈.#.###.#..##........
.........##....##D##....##......#
.....##..#.#).##[.) #.≈#.#.....##
##.......#©#.≈#.....#..#.#..(....
##.##...#.#≈.#...)##..#.#.......


You could see a tentacled monstrosity (summoned, berserk), a storm dragon, a
yellow draconian (summoned), a white draconian, a purple draconian shifter and
an orange crystal statue.

Vanquished Creatures
  the Royal Jelly (Slime:5)
  5 dread liches
  Khufu (Crypt:2)
  2 orbs of fire (Zot:3)
  The ghost of Sofait the Black Belt, a legendary GnFE of Okawaru (Zot:3)
  2 ancient liches
  Mara (Crypt:3)
  Mennas (Vaults:2)
  A juggernaut (Depths:4)
  A royal mummy (Crypt:2)
  The ghost of MackTheFife the End of an Era, a veteran HOGl of Qazlal (Vaults:3)
  Margery (Vaults:4)
  A Killer Klown (Zot:2)
  Saint Roka (Crypt:3)
  2 curse toes
  Bai Suzhen (Vaults:2)
  A caustic shrike (Depths:3)
  16 golden dragons
  Geryon (Hell)
  Jory (Vaults:2)
  3 bone dragons
  A shard shrike zombie (Crypt:3)
  3 Tzitzimimeh
  3 doom hounds
  7 tentacled monstrosities
  Mlioglotl (Shoals:1)
  8 searing wretches (Depths:1)
  A walking earthen tome (Depths:2)
  6 titans
  4 deep elf blademasters
  A walking frostbound tome (WizLab)
  2 quicksilver dragons (Depths:4)
  Asterion (Spider:2)
  7 liches
  9 ancient champions
  A deep elf master archer (Elf:3)
  14 acid blobs
  6 death cobs
  An eldritch tentacle (Depths:1)
  Polyphemus (Shoals:3)
  7 sphinxes
  Murray (Depths:1)
  10 storm dragons
  Donald (Vaults:2)
  7 tengu reavers
  2 draconian monks
  6 shadow dragons
  2 revenants
  14 azure jellies
  A fire giant (shapeshifter) (Vaults:5)
  2 strange machines (WizLab)
  A draconian knight (Depths:4)
  2 deep elf sorcerers (Elf:3)
  4 emperor scorpions
  13 rockslimes
  7 draconian scorchers
  2 iron dragons
  12 fire giants
  21 vault wardens
  9 frost giants
  A curse skull (Crypt:3)
  9 orc warlords
  A balrug (Hell)
  17 ironbound preservers
  3 draconian shifters
  3 ghost moths (Spider:4)
  6 deep elf elementalists (Elf:3)
  A draconian stormcaller (Zot:2)
  10 ghouls
  2 caustic shrike skeletons
  16 very ugly things
  2 war gargoyles (Vaults:3)
  A draconian annihilator (Zot:2)
  12 quicksilver oozes
  9 reapers
  A spriggan defender (Depths:3)
  2 green draconians (Zot:1)
  A broodmother (Spider:3)
  6 black draconians
  3 deep elf demonologists
  A lorocyproca (Depths:1)
  13 stone giants
  14 vampire knights
  Nessos (Lair:4)
  A putrid mouth (Depths:1)
  3 demonspawn black suns (Zot:3)
  6 ironbound thunderhulks
  6 red draconians
  14 spark wasps
  8 deep elf annihilators
  17 dire elephants
  6 purple draconians
  4 yellow draconians
  4 entropy weavers
  A minotaur (Shoals:4)
  5 white draconians
  A spectral titan (Vaults:3)
  A blizzard demon (Depths:1)
  A crystal guardian (Vaults:3)
  An iron golem (Depths:1)
  11 deep elf death magi
  4 eidola
  6 fire dragons
  2 merfolk javelineers
  10 jiangshi
  4 merfolk impalers
  15 ettins
  The ghost of glosham the Thaumaturge, a journeyman DjCA of Ignis (D:10)
  The ghost of Wuvuatt the Impaler, a journeyman MiBe of Trog (Lair:2)
  7 great orbs of eyes
  18 yaktaur captains
  7 ice dragons
  6 deep elf high priests
  9 hydras
  A juggernaut simulacrum (Hell)
  A jorogumo (Spider:3)
  A quicksilver dragon skeleton (Crypt:3)
  A peacekeeper (Vaults:3)
  8 rakshasas
  41 vault guards
  2 spriggan zombies (Hell)
  A hell beast (Depths:2)
  A spectral shadow dragon (Vaults:3)
  6 spriggan air magi
  3 merfolk avatars
  13 boulder beetles
  A catoblepas (Shoals:3)
  3 spriggan skeletons
  A radroach (shapeshifter) (Depths:4)
  A stoker (Hell)
  15 centaur warriors
  2 alligator snapping turtles (Shoals:4)
  2 ogre magi (Vaults:5)
  6 death knights
  16 ironbound frosthearts
  39 dancing weapons
  12 deep troll shamans
  A spectral human (Vaults:3)
  2 merfolk aquamancers (Shoals:3)
  5 two-headed ogres
  A fenstrider witch skeleton (Crypt:2)
  3 orc high priests
  6 hell hogs (Depths:1)
  14 satyrs
  5 deep troll earth magi
  6 death yaks
  8 vampire magi
  6 tengu warriors
  22 deep elf knights
  8 spriggan berserkers
  Nergalle (D:12)
  A storm dragon zombie (Crypt:3)
  9 sun demons
  10 soul eaters
  20 hell knights
  A shock serpent (shapeshifter) (Vaults:5)
  A shadow wraith (Crypt:3)
  2 sixfirhies (Depths:2)
  13 iron trolls
  30 skeletal warriors
  3 pharaoh ants
  2 sun moths
  A bunyip zombie (Hell)
  7 glowing orange brains
  48 deep trolls
  13 lindwurms
  10 sea snakes
  11 orb spiders
  4 flayed ghosts
  An obsidian statue (Vaults:2)
  A spriggan simulacrum (Hell)
  29 ironbound convokers
  18 orc knights
  An iron giant skeleton (Crypt:3)
  3 steelbarb worms
  4 bog bodies
  17 phantasmal warriors
  9 wizards
  Pikel (D:7)
  27 harpies
  5 deep elf archers
  A jorogumo zombie (Crypt:2)
  34 deep elf pyromancers
  18 wolf spiders
  15 necromancers
  9 orc sorcerers
  25 deep elf zephyrmancers
  13 cyclopes
  2 shining eyes
  32 ugly things
  22 manticores
  A jorogumo skeleton (Crypt:3)
  19 moths of wrath
  2 ice statues (IceCv)
  20 fauns
  2 spectral ettins (Vaults:3)
  4 large abominations (Depths:4)
  9 elephants
  A black mamba (shapeshifter) (D:12)
  A stone giant skeleton (Crypt:1)
  9 black mambas
  22 vault sentinels
  2 gargoyles (D:13)
  4 merfolk sirens
  Joseph (D:7)
  2 water nymphs
  3 molten gargoyles (Lair:6)
  5 torpor snails
  A spectral elf (Vaults:3)
  6 rust devils
  2 unseen horrors (Depths:4)
  12 cane toads
  2 storm dragon simulacra
  A hellion (Hell)
  12 komodo dragons
  2 eyes of devastation
  A naga skeleton (Hell)
  4 rime drakes
  4 kobold demonologists
  6 demonic crawlers
  10 freezing wraiths
  41 yaktaurs
  2 efreet
  2 human zombies (Vaults:1)
  A redback zombie (Crypt:2)
  An ice devil (Depths:1)
  A bunyip simulacrum (Hell)
  2 human skeletons (Vaults:1)
  A merfolk (shapeshifter) (D:12)
  A red devil (Depths:2)
  4 tengu conjurers
  A tormentor (Depths:1)
  22 merfolk
  A spectral ogre (Vaults:3)
  9 meliai
  A polar bear (shapeshifter) (Vaults:5)
  An entropy weaver simulacrum (IceCv)
  A harpy zombie (Hell)
  8 trolls
  A polar bear (Lair:6)
  10 hornets
  5 snapping turtles
  10 blink frogs
  3 harpy skeletons
  4 wind drakes
  17 dream sheep
  15 tarantellas
  2 human simulacra (Vaults:3)
  A fire giant simulacrum (Vaults:3)
  A blink frog (shapeshifter) (D:15)
  A hydra skeleton (Crypt:2)
  A death drake skeleton (Crypt:2)
  124 slime creatures
  A culicivora zombie (Crypt:3)
  A tarantella zombie (Crypt:1)
  A flying skull (Crypt:3)
  20 culicivoras
  24 jumping spiders
  A centaur simulacrum (Hell)
  19 water elementals
  2 air elementals
  3 shadows
  3 fire elementals (Elf:2)
  7 basilisks
  A vampire (D:12)
  A dire elephant simulacrum (Crypt:2)
  2 naga simulacra (Hell)
  A wind drake zombie (Crypt:1)
  7 wyverns
  A basilisk (shapeshifter) (D:15)
  20 yaks
  6 wraiths
  A chaos spawn (Depths:4)
  3 golden eyes (Slime:2)
  2 steam dragons
  Eustachio (D:6)
  3 vampire mosquitoes (D:14)
  A tyrant leech zombie (Crypt:1)
  A neqoxec (D:10)
  41 redbacks
  6 wargs
  2 harpy simulacra
  8 small abominations (Depths:4)
  3 acid dragons
  2 spatial vortices (Depths:1)
  A deep troll zombie (Crypt:1)
  4 hell hounds (Lair:6)
  5 demonic crawler simulacra (IceCv)
  8 water moccasins
  A floating eye (Slime:1)
  A deep troll skeleton (Crypt:1)
  A sky beast (shapeshifter) (D:15)
  Pargi (D:3)
  A manticore zombie (Crypt:2)
  40 orc warriors
  3 ettin simulacra
  2 black bears
  A hornet zombie (D:6)
  An elephant zombie (Crypt:2)
  A sky beast (D:5)
  2 ugly thing simulacra (IceCv)
  8 ogres
  A boggart (Vaults:1)
  22 centaurs
  10 necrophages
  2 wolves (D:10)
  4 kobold brigands
  A phantom (D:5)
  2 lemures (D:7)
  An elf simulacrum (Vaults:1)
  Blork the orc (D:4)
  19 bullfrogs
  3 wyvern zombies
  A komodo dragon skeleton (Crypt:2)
  A demonspawn simulacrum (Hell)
  8 glowing shapeshifter simulacra
  6 earth elementals
  3 scorpions
  A cyclops zombie (Crypt:2)
  A water moccasin zombie (D:5)
  A yaktaur skeleton (Crypt:3)
  A warg zombie (Crypt:3)
  9 wights
  16 killer bees
  An electric eel (Spider:4)
  5 howler monkeys
  4 centaur zombies
  4 lava snakes (Lair:6)
  2 quasits (D:10)
  5 hounds
  22 jellies
  17 orc priests
  Jessica (D:3)
  A black bear skeleton (Crypt:1)
  A centaur skeleton (D:7)
  3 iguanas
  18 orc wizards
  20 hell rats
  Terence (D:2)
  A deep dwarf zombie (Crypt:1)
  2 mummies (Crypt:2)
  A howler monkey zombie (D:9)
  2 howler monkey skeletons
  4 adders
  A swamp drake skeleton (Crypt:1)
  12 white imps (Lair:2)
  3 worms
  A barachi skeleton (Crypt:3)
  3 dart slugs
  57 orcs
  7 ball pythons
  3 bats
  8 endoplasms
  2 giant cockroaches
  3 goblins
  8 hobgoblins
  A jackal (D:2)
  5 quokkas
  4 frilled lizards
  A frilled lizard skeleton (Crypt:2)
  2 gnoll skeletons
  21 kobolds
  5 rats
  A butterfly (Lair:4)
  3 fire vortices (Hell)
2420 creatures vanquished.

Vanquished Creatures (others)
  Nikola (Shoals:1)
  3 fire giants
  A black draconian (Zot:2)
  A wendigo (Hell)
  A merfolk impaler (Shoals:1)
  A caustic shrike simulacrum (Hell)
  A hell knight (Hell)
  An iron giant skeleton (Hell)
  A fenstrider witch simulacrum (Hell)
  2 necromancers
  A deep elf pyromancer (Elf:2)
  A faun (Shoals:1)
  A moth of wrath (Zot:3)
  A merfolk siren (Shoals:1)
  A jumping spider (Spider:4)
  A wyvern (Lair:6)
  A creeping inferno (Hell)
  A fire vortex (Hell)
  29 fungi
  104 plants
154 creatures vanquished.

Grand Total: 2574 creatures vanquished

Notes
Turn   | Place    | Note
-------+----------+-------------------------------------------
     0 | D:1      | Peloso the Minotaur Fighter began the quest for the Orb.
     0 | D:1      | Reached XP level 1. HP: 19/19 MP: 0/0
   148 | D:1      | Reached XP level 2. HP: 27/27 MP: 1/1
   380 | D:1      | Found a faded altar of an unknown god.
   621 | D:2      | Reached XP level 3. HP: 24/33 MP: 2/2
   805 | D:2      | Found a glowing golden altar of the Shining One.
   814 | D:2      | Noticed Terence
   825 | D:2      | Killed Terence
   826 | D:2      | Reached XP level 4. HP: 26/41 MP: 3/3
  1459 | D:3      | Found a stormy altar of Qazlal.
  1520 | D:3      | Found Jitigugery's Antique Armour Emporium.
  1708 | D:3      | Reached skill level 1 in Dodging
  1711 | D:3      | Noticed Jessica
  1720 | D:3      | Killed Jessica
  1721 | D:3      | Reached XP level 5. HP: 47/47 MP: 4/4
  1839 | D:3      | Noticed Pargi
  1850 | D:3      | Killed Pargi
  1851 | D:3      | Reached skill level 5 in Long Blades
  1851 | D:3      | Reached skill level 5 in Armour
  2342 | D:4      | Found Xunyisat's Armour Shop.
  2342 | D:4      | Found Oqobyadu's Distillery.
  2359 | D:4      | Found Mumaneymp's Distillery.
  2360 | D:4      | Found Munguada's General Store.
  2360 | D:4      | You fall into a shaft and drop 2 floors!
  2363 | D:6      | Noticed Eustachio
  2379 | D:6      | Killed Eustachio
  2380 | D:6      | Reached skill level 5 in Fighting
  2380 | D:6      | Reached XP level 6. HP: 51/56 MP: 5/5
  2409 | D:5      | Entered Level 5 of the Dungeon
  2414 | D:5      | Identified the +1 chain mail of Irreirchesh {rElec Str+2}
  2434 | D:4      | Noticed Blork the orc
  2449 | D:4      | Killed Blork the orc
  2453 | D:4      | Reached XP level 7. HP: 30/61 MP: 6/6
  3704 | D:5      | Reached skill level 5 in Shields
  3704 | D:5      | Reached XP level 8. HP: 56/70 MP: 7/7
  3968 | D:6      | Found a staircase to the Ecumenical Temple.
  4005 | Temple   | Entered the Ecumenical Temple
  4185 | Temple   | Became a worshipper of Warmaster Okawaru
  4961 | D:7      | Noticed a hornet
  4970 | D:7      | Killed a hornet
  4970 | D:7      | Reached * piety under Okawaru
  5115 | D:7      | Noticed Pikel
  5124 | D:7      | Killed Pikel
  5125 | D:7      | Reached XP level 9. HP: 74/78 MP: 8/8
  5127 | D:7      | Reached skill level 1 in Stealth
  5241 | D:7      | Reached ** piety under Okawaru
  5242 | D:7      | Reached skill level 10 in Long Blades
  5739 | D:7      | Noticed Joseph
  5754 | D:7      | Killed Joseph
  6345 | D:8      | Reached *** piety under Okawaru
  6955 | D:8      | Paralysed by a hornet for 1 turns
  6958 | D:8      | Reached XP level 10. HP: 55/86 MP: 9/9
  7368 | D:8      | Received a gift from Okawaru
  7383 | D:9      | Noticed a two-headed ogre
  7394 | D:9      | Killed a two-headed ogre
  7394 | D:9      | Reached **** piety under Okawaru
  7853 | D:9      | Noticed a yaktaur captain
  7853 | D:9      | Noticed a centaur warrior
  7853 | D:9      | Noticed a tengu warrior
  7854 | D:9      | Noticed a centaur warrior
  7864 | D:9      | Killed a centaur warrior
  7864 | D:9      | Received a gift from Okawaru
  7876 | D:9      | Killed a centaur warrior
  7876 | D:9      | Reached ***** piety under Okawaru
  7884 | D:9      | Killed a yaktaur captain
  7969 | D:9      | Reached skill level 10 in Shields
  8246 | D:9      | Reached XP level 11. HP: 95/95 MP: 10/10
  8277 | D:10     | Entered Level 10 of the Dungeon
  8335 | D:10     | Found a staircase to the Lair.
  8427 | D:10     | Reached skill level 1 in Invocations
  8494 | D:10     | Noticed a two-headed ogre
  8505 | D:10     | Killed a two-headed ogre
  8505 | D:10     | Received a gift from Okawaru
  8734 | D:10     | Found a transporter.
  8739 | D:10     | Noticed glosham's ghost (journeyman DjCA)
  9043 | D:10     | Noticed a two-headed ogre
  9045 | D:10     | Noticed a two-headed ogre
  9063 | D:10     | Killed a two-headed ogre
  9067 | D:10     | Killed a two-headed ogre
  9068 | D:10     | Reached skill level 10 in Armour
  9494 | Lair:1   | Entered Level 1 of the Lair of Beasts
 10217 | Lair:1   | Reached ****** piety under Okawaru
 10230 | Lair:1   | Identified the +9 demon blade "Jellybane" {venom, Str+4}
                  | (Okawaru gifted it to you on level 1 of the Lair of Beasts)
 10230 | Lair:1   | Received a gift from Okawaru
 10231 | Lair:1   | Reached skill level 10 in Fighting
 10561 | Lair:1   | Noticed a seven-headed hydra
 10571 | Lair:1   | Killed a seven-headed hydra
 10572 | Lair:1   | Reached XP level 12. HP: 92/106 MP: 9/12
 10854 | Lair:1   | Identified a scroll of acquirement
 10886 | Lair:2   | Found a hole to the Spider Nest.
 10917 | Lair:2   | Found a frozen archway.
 10948 | IceCv    | Entered an ice cave
 10986 | IceCv    | Noticed a quicksilver ooze
 10994 | IceCv    | Killed a quicksilver ooze
 10995 | IceCv    | Reached skill level 1 in Short Blades
 11583 | IceCv    | Noticed a quicksilver ooze
 11590 | IceCv    | Killed a quicksilver ooze
 12087 | IceCv    | Reached skill level 15 in Long Blades
 12120 | IceCv    | Noticed a quicksilver ooze
 12125 | IceCv    | Killed a quicksilver ooze
 12229 | IceCv    | Found a viscous altar of Jiyva.
 12229 | IceCv    | Noticed an azure jelly
 12240 | IceCv    | Killed an azure jelly
 12240 | IceCv    | Received a gift from Okawaru
 12258 | IceCv    | Noticed an azure jelly
 12272 | IceCv    | Killed an azure jelly
 12308 | IceCv    | Got the ring "Logamul" {Ice Dex+2}
 12948 | Lair:2   | Found a runed translucent door.
 12949 | Lair:2   | Noticed Wuvuatt's ghost (journeyman MiBe)
 13693 | Lair:3   | Noticed a four-headed hydra
 13703 | Lair:3   | Killed a four-headed hydra
 13703 | Lair:3   | Identified the +0 hat of Bekiam {rPois Int+8} (Okawaru
                  | gifted it to you on level 3 of the Lair of Beasts)
 13703 | Lair:3   | Received a gift from Okawaru
 14212 | Lair:3   | Reached XP level 13. HP: 116/117 MP: 13/13
 14916 | Lair:4   | Reached skill level 5 in Dodging
 14916 | Lair:4   | Noticed Nessos
 14925 | Lair:4   | Killed Nessos
 15198 | Lair:4   | Found a staircase to the Shoals.
 16634 | D:10     | Found a transporter.
 16688 | D:10     | Identified the ring "Duklai" {Will++ Dex+6}
 16701 | D:10     | Killed glosham's ghost
 17137 | D:9      | Identified the +0 ring mail of Joy {Int+9} (Okawaru gifted
                  | it to you on level 9 of the Dungeon)
 17137 | D:9      | Received a gift from Okawaru
 17577 | D:11     | Found a staircase to the Orcish Mines.
 18788 | D:12     | Noticed Nergalle
 18795 | D:12     | Killed Nergalle
 18917 | D:12     | Reached XP level 14. HP: 55/129 MP: 13/15
 21179 | D:13     | Identified the +2 pair of boots of Goal {Regen+ Int-5 Dex+3
                  | SInv} (Okawaru gifted it to you on level 13 of the Dungeon)
 21179 | D:13     | Received a gift from Okawaru
 21432 | D:13     | Found a gate to the Vaults.
 21720 | D:13     | Identified the +6 hunting sling of Infinity {freeze, rPois
                  | rCorr}
 21822 | Orc:1    | Entered Level 1 of the Orcish Mines
 21963 | Orc:1    | Noticed an orc warlord
 21974 | Orc:1    | Killed an orc warlord
 22478 | D:4      | Bought the +8 orange crystal plate armour {Archmagi, Int+3
                  | Clar} for 1445 gold pieces
 22478 | D:4      | Found the +8 orange crystal plate armour {Archmagi, Int+3
                  | Clar}
 22796 | Orc:2    | Entered Level 2 of the Orcish Mines
 22796 | Orc:2    | Noticed an orc warlord
 22796 | Orc:2    | Found Pylex's Antique Weapon Emporium.
 22845 | Orc:1    | Killed an orc warlord
 22877 | Orc:2    | Noticed an orc warlord
 22922 | Orc:1    | Reached skill level 15 in Shields
 23052 | Orc:2    | Killed an orc warlord
 23104 | Orc:2    | Found a bloodstained altar of Trog.
 23135 | Orc:2    | Found a staircase to the Elven Halls.
 23205 | Orc:2    | Found Jiwkises's General Store.
 23322 | Orc:2    | Noticed an orc warlord
 23457 | Orc:2    | Killed an orc warlord
 23612 | Orc:2    | Identified the +1 plate armour of Fun and Games {Harm +Inv
                  | Fly rC-} (Okawaru gifted it to you on level 2 of the Orcish
                  | Mines)
 23612 | Orc:2    | Received a gift from Okawaru
 23613 | Orc:2    | Found Hinliu's Antique Armour Emporium.
 23719 | Orc:2    | Found Waum's Jewellery Boutique.
 24259 | D:14     | Reached XP level 15. HP: 96/139 MP: 13/16
 24339 | D:14     | Found a shadowy altar of Dithmenos.
 25625 | Lair:5   | Reached skill level 15 in Fighting
 25808 | Lair:5   | Found a staircase to the Slime Pits.
 26080 | Lair:6   | Entered Level 6 of the Lair of Beasts
 26433 | Lair:6   | Identified the +0 cloak of Twilight {Dex+6 SInv} (Okawaru
                  | gifted it to you on level 6 of the Lair of Beasts)
 26433 | Lair:6   | Received a gift from Okawaru
 26698 | Lair:6   | Found a large runed translucent door.
 26699 | Lair:6   | Found a large runed translucent door.
 26836 | Lair:6   | Reached skill level 15 in Armour
 27405 | Lair:2   | Killed Wuvuatt's ghost
 27705 | D:15     | Entered Level 15 of the Dungeon
 27738 | D:15     | Found a staircase to the Depths.
 27839 | D:15     | Found a transporter.
 27840 | D:15     | Found a transporter.
 27946 | D:15     | Found a transporter.
 27950 | D:15     | Found a transporter.
 27993 | D:15     | Found a transporter.
 27996 | D:15     | Found a transporter.
 28789 | Elf:1    | Entered Level 1 of the Elven Halls
 28870 | Elf:1    | Found a radiant altar of Vehumet.
 28873 | Elf:1    | Paralysed by an air elemental for 1 turns
 29016 | Elf:1    | Reached XP level 16. HP: 140/150 MP: 17/17
 29087 | Elf:1    | Identified the +0 scale mail of Oraps {rPois Will+ Int+3}
                  | (Okawaru gifted it to you on level 1 of the Elven Halls)
 29087 | Elf:1    | Received a gift from Okawaru
 30322 | Elf:2    | Identified the +5 dagger of Gidef {vorpal, rPois Int+2}
                  | (Okawaru gifted it to you on level 2 of the Elven Halls)
 30322 | Elf:2    | Received a gift from Okawaru
 30431 | Elf:2    | Found a runed translucent gate.
 30431 | Elf:2    | Found a runed translucent gate.
 30431 | Elf:2    | Found a runed translucent gate.
 30504 | Elf:3    | Entered Level 3 of the Elven Halls
 30624 | Elf:3    | Paralysed by an air elemental for 1 turns
 30627 | Elf:3    | Paralysed by an air elemental for 1 turns
 30659 | Elf:3    | Found a shimmering blue altar of Sif Muna.
 31315 | Elf:3    | Noticed a deep elf blademaster
 31344 | Elf:3    | Killed a deep elf blademaster
 31423 | Elf:2    | Received a gift from Okawaru
 31428 | Elf:2    | Noticed a deep elf blademaster
 31587 | Elf:3    | Noticed a deep elf blademaster
 31601 | Elf:3    | Killed a deep elf blademaster
 31659 | Elf:3    | Reached XP level 17. HP: 161/161 MP: 18/18
 31775 | Elf:3    | Noticed a deep elf master archer
 31777 | Elf:3    | Killed a deep elf master archer
 31885 | Elf:3    | Noticed a deep elf blademaster
 31903 | Elf:3    | Killed a deep elf blademaster
 32272 | Elf:3    | Noticed a Tzitzimitl
 32290 | Elf:3    | Identified the +9 mace of Vepn {chaos, +Blink rF+ Int-3}
 32296 | Elf:3    | Identified the +4 great mace "Beots" {freeze, *Corrode
                  | rElec rC++ rN+}
 32300 | Elf:3    | Identified the +5 falchion of Cop Itomemeu {drain, rF-
                  | Int+7}
 32363 | Elf:3    | Identified the +1 robe of Pextas {*Corrode rElec rPois
                  | Archmagi}
 32392 | Elf:3    | Identified the +2 buckler "Yxzyfuf" {Int+3}
 32408 | Elf:3    | Identified the +3 chain mail "Mutyt" {Harm +Blink rElec}
 32806 | Elf:2    | Identified the +0 ring mail of Prudence {-Cast Harm Slay+3}
                  | (Okawaru gifted it to you on level 2 of the Elven Halls)
 32806 | Elf:2    | Received a gift from Okawaru
 32841 | Elf:2    | Killed a deep elf blademaster
 33731 | Shoals:1 | Entered Level 1 of the Shoals
 33867 | Shoals:1 | Noticed Nikola
 33896 | Shoals:1 | Killed Nikola
 34335 | Shoals:1 | Received a gift from Okawaru
 34656 | Shoals:1 | Noticed Mlioglotl
 34666 | Shoals:1 | Killed Mlioglotl
 34667 | Shoals:1 | Reached XP level 18. HP: 164/172 MP: 19/19
 34785 | Spider:1 | Entered Level 1 of the Spider Nest
 35727 | Spider:1 | Reached XP level 19. HP: 180/180 MP: 20/20
 36071 | Spider:2 | Noticed Asterion
 36089 | Spider:2 | Killed Asterion
 37229 | Spider:3 | Reached skill level 1 in Axes
 37229 | Spider:3 | Reached skill level 1 in Maces & Flails
 37229 | Spider:3 | Reached skill level 1 in Polearms
 37229 | Spider:3 | Reached skill level 1 in Staves
 37229 | Spider:3 | Reached skill level 1 in Crossbows
 37229 | Spider:3 | Reached skill level 1 in Throwing
 37229 | Spider:3 | Reached skill level 1 in Unarmed Combat
 37229 | Spider:3 | Reached skill level 1 in Summonings
 37229 | Spider:3 | Reached XP level 20. HP: 189/189 MP: 21/21
 37230 | Spider:3 | Reached skill level 1 in Slings
 37230 | Spider:3 | Reached skill level 1 in Bows
 37230 | Spider:3 | Reached skill level 1 in Transmutations
 37230 | Spider:3 | Reached skill level 1 in Fire Magic
 37230 | Spider:3 | Reached skill level 1 in Air Magic
 37230 | Spider:3 | Reached skill level 1 in Evocations
 37230 | Spider:3 | Reached XP level 21. HP: 196/196 MP: 22/22
 37326 | Spider:3 | Received a gift from Okawaru
 37326 | Spider:3 | Found the +6 arbalest "Damnation" {damnation}
 38103 | Shoals:2 | Found Fozux's Weapon Shoppe.
 39012 | Shoals:3 | Noticed Polyphemus
 39057 | Shoals:3 | Killed Polyphemus
 39554 | Shoals:4 | Entered Level 4 of the Shoals
 40218 | Shoals:4 | HP: 1/199 [satyr/arrow (25)]
 40222 | Shoals:4 | Identified the +2 troll leather armour of Adaut {-Tele rN++
                  | Regen+ Dex+4 SInv} (Okawaru gifted it to you on level 4 of
                  | the Shoals)
 40222 | Shoals:4 | Received a gift from Okawaru
 40486 | Shoals:4 | Got a barnacled rune of Zot
 40548 | Shoals:4 | Reached XP level 22. HP: 190/206 MP: 23/23
 40889 | Spider:4 | Entered Level 4 of the Spider Nest
 41781 | Spider:4 | Identified the +0 hat of Sif Muna's Generosity {Str+2
                  | Stlth+}
 41807 | Spider:4 | Got a gossamer rune of Zot
 42324 | Vaults:1 | Entered Level 1 of the Vaults
 42766 | Vaults:1 | Found a portal to a secret trove of treasure.
 43593 | Vaults:1 | Identified the +4 flail "Zysmeng" {holy, rF++ Int+2}
 43631 | Vaults:1 | Received a gift from Okawaru
 43822 | Vaults:1 | Received a gift from Okawaru
 44028 | Vaults:1 | You fall into a shaft and drop 1 floor!
 44341 | Vaults:2 | Noticed Bai Suzhen
 44355 | Vaults:2 | Killed Bai Suzhen
 44414 | Vaults:2 | Identified the +0 pair of gloves of Toecvod {rF- Int+4}
                  | (Okawaru gifted it to you on level 2 of the Vaults)
 44414 | Vaults:2 | Received a gift from Okawaru
 44645 | Vaults:2 | Found Liojekits's Assorted Antiques.
 44751 | Vaults:2 | Noticed Mennas
 44792 | Vaults:2 | Killed Mennas
 44868 | Vaults:2 | Reached XP level 23. HP: 192/218 MP: 25/25
 44940 | Vaults:2 | Found a transporter.
 44955 | Vaults:2 | Found a transporter.
 45378 | Vaults:2 | Noticed Donald
 45388 | Vaults:2 | Killed Donald
 45697 | Vaults:2 | Noticed Jory
 45720 | Vaults:2 | Killed Jory
 46419 | Vaults:1 | You paid a toll of a +7 demon whip to enter a treasure
                  | trove
 46420 | Trove    | Entered a treasure trove
 46422 | Trove    | Found the +10 tower shield of Ignorance {rN+ Int-4}
 46422 | Trove    | Found the +3 crown of Dyrovepreva {rElec Int+2 SInv}
 46425 | Trove    | Identified the +0 pair of boots "Apeff" {Rampage rElec
                  | Slay+3}
 46426 | Trove    | Identified the +6 kite shield of Immeulof {*Slow rElec rC+
                  | SInv}
 46440 | Trove    | Identified the +8 chain mail "Ohoadedd" {Harm rPois rF+}
 46441 | Trove    | Identified the +1 pair of gloves of Yruskow {rElec}
 46445 | Trove    | Identified the +7 chain mail of the Orb Guardian {rCorr}
 46450 | Trove    | Identified the +0 kite shield of Cerphuudy {Dex+4}
 46451 | Trove    | Identified the +0 plate armour "Gisic" {Harm rF- rC++}
 46452 | Trove    | Identified the +1 pair of gloves "Foamoynn" {rElec rF-
                  | Str+8}
 46454 | Trove    | Identified the +11 tower shield of the Echidna {-Tele Dex+3
                  | SInv}
 46475 | Trove    | Identified the +0 leather armour of Upeme {Rampage rF-
                  | Str-5 SInv}
 46765 | D:10     | Lost intelligence.
 47085 | Vaults:2 | Identified the ring "Vucs" {Str+4 Int+6}
 47088 | Vaults:2 | Identified the amulet of Lust {RegenMP Regen+}
 47259 | Vaults:3 | Found a staircase to the Crypt.
 47404 | Vaults:3 | Found a transporter.
 47449 | Vaults:3 | Found a transporter.
 47748 | Vaults:3 | Identified the +1 pair of boots "Uferog" {Will+ rCorr}
                  | (Okawaru gifted it to you on level 3 of the Vaults)
 47748 | Vaults:3 | Received a gift from Okawaru
 48142 | Vaults:3 | Found a runed translucent gate.
 48142 | Vaults:3 | Found a runed translucent gate.
 48142 | Vaults:3 | Found a runed translucent gate.
 48285 | Vaults:3 | Identified the +1 pair of boots "Miuv" {Int+8}
 48319 | Vaults:3 | Acquired 887 gold pieces
 48585 | Orc:2    | Bought the +8 autumn katana {vorpal, manifold assault} for
                  | 1818 gold pieces
 48585 | Orc:2    | Found the +8 autumn katana {vorpal, manifold assault}
 48975 | Vaults:3 | Noticed MackTheFife's ghost (veteran HOGl)
 49028 | Vaults:3 | Killed MackTheFife's ghost
 49205 | Vaults:4 | Found Quissuva's Jewellery Boutique.
 49208 | Vaults:4 | Bought the ring "Sutoamn" {rPois Str+7} for 625 gold pieces
 49380 | Vaults:4 | Noticed Margery
 49390 | Vaults:4 | Killed Margery
 49616 | Vaults:4 | Reached XP level 24. HP: 206/231 MP: 25/25
 49711 | Vaults:5 | Entered Level 5 of the Vaults
 49736 | Vaults:4 | Identified the +1 pair of gloves "Keth" {rF+ Will+ Int+4}
                  | (Okawaru gifted it to you on level 4 of the Vaults)
 49736 | Vaults:4 | Received a gift from Okawaru
 49755 | Vaults:4 | Reached skill level 27 in Shields
 51046 | Vaults:5 | Noticed a dread lich
 51059 | Vaults:5 | Killed a dread lich
 51065 | Vaults:5 | Noticed a dread lich
 51125 | Vaults:5 | Killed a dread lich
 51313 | Vaults:5 | Found the +10 zealot's sword {holy, *Rage rN+ EV+3}
 51340 | Vaults:5 | Got a silver rune of Zot
 51470 | Vaults:5 | Received a gift from Okawaru
 51595 | Vaults:5 | Noticed an ancient lich
 51607 | Vaults:5 | Killed an ancient lich
 51882 | Vaults:5 | Found the ring of the Octopus King
 51882 | Vaults:5 | Found the +14 obsidian axe {vorpal, Mesm Drain Fly SInv}
 51902 | Vaults:5 | Identified a ring of the Octopus King {rF+ AC+1 EV+1 Str+1
                  | Int+1 Dex+1}
 52176 | Vaults:5 | Found the +3 salamander hide armour {Flames rF++ rC--}
 52196 | Vaults:5 | Identified the +6 whip of Earthquakes {protect, rPois Str+4
                  | Int+3}
 52223 | Vaults:5 | Got the Reference Book on Clay
 52352 | Vaults:5 | Identified the +1 pair of boots of Okawaru's Favour {Will-
                  | Str+3 Int+8} (Okawaru gifted it to you on level 5 of the
                  | Vaults)
 52352 | Vaults:5 | Received a gift from Okawaru
 52373 | Vaults:5 | Identified the +3 ring mail of Weightlessness {rElec rN+
                  | Str+2}
 52648 | Vaults:5 | Identified the amulet of Zaest {Reflect Int+2 SH+5}
 52649 | Vaults:5 | Identified the ring "Tuowed" {Drain rPois rF+++ Will+++
                  | Str-4}
 53288 | Crypt:1  | Entered Level 1 of the Crypt
 53288 | Crypt:1  | Noticed a dread lich
 53298 | Crypt:1  | Noticed an ancient lich
 53316 | Vaults:3 | Killed a dread lich
 53317 | Vaults:3 | Reached XP level 25. HP: 167/246 MP: 25/25
 53824 | Vaults:3 | Killed an ancient lich
 54272 | Crypt:2  | Reached skill level 5 in Invocations
 54335 | Crypt:2  | Noticed a dread lich
 54341 | Crypt:2  | Killed a dread lich
 54405 | Crypt:2  | Noticed a royal mummy
 54408 | Crypt:2  | Noticed Khufu
 54423 | Crypt:2  | Killed a royal mummy
 54437 | Crypt:2  | Killed Khufu
 54437 | Crypt:2  | Received a gift from Okawaru
 54969 | Crypt:3  | Entered Level 3 of the Crypt
 55004 | Crypt:3  | Found a magical portal.
 55051 | Crypt:3  | Noticed Saint Roka
 55076 | Crypt:3  | Killed Saint Roka
 55077 | Crypt:3  | Noticed Mara
 55125 | WizLab   | Entered Tukima's Studio
 55188 | WizLab   | Identified the +9 triple crossbow "Tameptil" {speed, Str+3
                  | Dex+5}
 55197 | WizLab   | Noticed Peloso's illusion
 55319 | WizLab   | Noticed Peloso's illusion
 55372 | WizLab   | Noticed Peloso's illusion
 55408 | WizLab   | Noticed Peloso's illusion
 55425 | WizLab   | Found the +3 pair of seven-league boots {Rampage+∞}
 55435 | WizLab   | Noticed Peloso's illusion
 55612 | Crypt:3  | Noticed Peloso's illusion
 55838 | Crypt:3  | Found a staircase to the Tomb.
 55842 | Crypt:3  | Reached skill level 27 in Long Blades
 56134 | Crypt:3  | Noticed Peloso's illusion
 56173 | Crypt:3  | Killed Mara
 56294 | Crypt:3  | Found the +9 scales of the Dragon King {rPois rF+ rC+
                  | Will+}
 56505 | Crypt:3  | Identified the amulet "Xeam" {Reflect rC- rN+ Int+5 SH+5}
 56505 | Crypt:3  | Noticed a dread lich
 56506 | Crypt:3  | Identified the ring "Kuhuth" {rElec rF- rN+ rCorr Dex+2}
 56506 | Crypt:3  | Identified the ring "Meriveg" {rElec rN+}
 56514 | Crypt:3  | Killed a dread lich
 56515 | Crypt:3  | Reached XP level 26. HP: 264/264 MP: 26/26
 56522 | Crypt:3  | Identified the amulet "Nutoiras" {Reflect rCorr SH+5}
 56526 | Crypt:3  | Identified the +4 steam dragon scales of Ypnigeih {rN+
                  | rCorr Str-5 Dex+4}
 56544 | Crypt:3  | Got Cigotuvi's Compendium of Darkness
 57325 | Depths:1 | Entered Level 1 of the Depths
 57363 | Depths:1 | Identified the +4 ring mail of the Game Afoot {+Inv rElec
                  | rPois Stlth+} (Okawaru gifted it to you on level 1 of the
                  | Depths)
 57363 | Depths:1 | Received a gift from Okawaru
 58011 | Depths:1 | Found a one-way gate to the infinite horrors of the Abyss.
 58169 | Depths:1 | Reached skill level 27 in Fighting
 58223 | Depths:1 | Got Tuwkin's Papyrus of the Compass
 58264 | Depths:1 | Found a gateway to Hell.
 58609 | Depths:2 | Found a one-way gateway to a ziggurat.
 59291 | Depths:2 | Found Xoatt's Book Shoppe.
 59432 | Depths:2 | Found the +9 staff of Wucad Mu {*channel}
 59437 | Depths:2 | Identified the +6 plate armour of Misanthropy {+Blink rC+}
 59674 | Depths:2 | Found a one-way gate leading to the halls of Pandemonium.
 59800 | Depths:2 | Found an ancient bone altar of Kikubaaqudgha.
 60130 | Depths:3 | Received a gift from Okawaru
 60146 | Depths:3 | Identified the +1 leather armour "Numezuxi" {Drain rElec
                  | Str+5 Dex+3}
 60606 | Depths:3 | Found a corrupted altar of Lugonu.
 61225 | Depths:4 | Entered Level 4 of the Depths
 61489 | Depths:4 | Found a gate to the Realm of Zot.
 61526 | Depths:4 | Identified the +7 shadow dragon scales of the Present
                  | {rElec Stlth++++} (Okawaru gifted it to you on level 4 of
                  | the Depths)
 61526 | Depths:4 | Received a gift from Okawaru
 61769 | Depths:4 | Noticed a juggernaut
 61780 | Depths:4 | Killed a juggernaut
 61793 | Depths:4 | Reached XP level 27. HP: 220/273 MP: 26/26
 61908 | Depths:4 | Reached skill level 27 in Armour
 62009 | Depths:4 | Identified the +0 leather armour of the Sky {Rampage *Slow
                  | rElec rCorr}
 62011 | Depths:4 | Acquired a scarf of resistance
 62015 | Depths:4 | Acquired the +4 cloak of Grot {Str+2 Stlth+}
 62307 | Depths:4 | Reached skill level 5 in Stealth
 63503 | Slime:1  | Entered Level 1 of the Pits of Slime
 64018 | Slime:5  | Entered Level 5 of the Pits of Slime
 64309 | Slime:5  | Gained mutation: You have hidden genetic defects. [a
                  | shining eye]
 64439 | Slime:5  | Received a gift from Okawaru
 64468 | Slime:5  | Noticed the Royal Jelly
 64497 | Slime:5  | Reached skill level 10 in Stealth
 64506 | Slime:5  | Killed the Royal Jelly
 65151 | Slime:5  | Identified the +1 scale mail of a bazaar {rElec rN+ Int+3}
 65166 | Slime:5  | Got the Tome of Oenomania
 65219 | Slime:5  | Got a slimy rune of Zot
 65717 | D:10     | Lost mutation: You have hidden genetic defects. [potion of
                  | mutation]
 65717 | D:10     | Gained mutation: Your magical capacity is low. (-10% MP)
                  | [potion of mutation]
 66112 | Hell     | Entered the Vestibule of Hell
 66118 | Hell     | Noticed Geryon
 66138 | Hell     | Killed Geryon
 66145 | Hell     | Noticed Murray
 66560 | Depths:1 | Killed Murray
 66645 | Depths:1 | Identified the +2 pair of boots of Xocubler {Fly Int+2
                  | Dex-4 SInv} (Okawaru gifted it to you on level 1 of the
                  | Depths)
 66645 | Depths:1 | Received a gift from Okawaru
 67997 | Hell     | Found a gateway to the Iron City of Dis.
 68029 | Hell     | Found a gateway to the freezing wastes of Cocytus.
 68150 | Hell     | Found a gateway to the decaying netherworld of Tartarus.
 68257 | Hell     | Found a gateway to the ashen valley of Gehenna.
 68608 | Zot:1    | Entered Level 1 of the Realm of Zot
 69236 | Depths:4 | Reached skill level 10 in Invocations
 69802 | Zot:1    | Received a gift from Okawaru
 69802 | Zot:1    | Found the +1 cloak of Starlight {*Dazzle EV+4 Stlth--}
 71486 | Zot:3    | Noticed an orb of fire
 71530 | Zot:3    | Found a transporter.
 71548 | Zot:3    | Noticed Sofait's ghost (legendary GnFE)
 71561 | Zot:3    | Noticed Iqaon's ghost (master GnFi)
 71564 | Zot:3    | Found a transporter.
 71714 | Zot:3    | Noticed an orb of fire
 71730 | Zot:3    | Gained mutation: You are frail. (-10% HP) [an orb of fire]
 71732 | Zot:3    | Gained mutation: Armour fits poorly on your strangely
                  | shaped body. [an orb of fire]
 71736 | Zot:3    | Gained mutation: You are very frail. (-20% HP) [an orb of
                  | fire]
 71740 | Zot:3    | Gained mutation: You are clumsy. (Dex -2) [an orb of fire]
 71741 | Zot:3    | Gained mutation: Your spells are a little harder to cast,
                  | but a little more powerful. [an orb of fire]
 71744 | Zot:3    | Killed an orb of fire
 71827 | Zot:3    | Identified the +10 dagger of Certain Death {flame, rPois
                  | rN+ Str+4 Dex-3}
 71828 | Zot:3    | Got the Tome of The Black Sun
 71986 | Zot:3    | HP: 7/213 [Sofait's ghost (16)]
 72315 | Zot:3    | Killed Sofait's ghost
 72317 | Zot:3    | Gained mutation: Potions are less effective at restoring
                  | your health. [an orb of fire]
 72318 | Zot:3    | Gained mutation: Your mind is acute. (Int +2) [an orb of
                  | fire]
 72319 | Zot:3    | Gained mutation: You are extremely frail. (-30% HP) [an orb
                  | of fire]
 72321 | Zot:3    | Killed an orb of fire
 72683 | Zot:3    | HP: 8/191 [tentacled monstrosity[an orange crystal statue]
                  | (9)]
 72683 | Zot:3    | HP: 3/191 [constriction[an orange crystal statue] (5)]
 72684 | Zot:3    | Mangled by a tentacled monstrosity

Illustrated notes

Levels and vault maps discovered:
D:1:      amcnicky_arrival_gap_in_the_tavern_cellar, layout_basic,
          shapermc_ecumenical_altar_mp_urbaneastern
D:2:      minmay_angry_zag, layout_basic, basic_altar, uniq_terence
D:3:      layout_basic, mainiacjoe_overflow_catwalk, serial_shops,
          nicolae_shop_crystal, uniq_jessica, uniq_pargi
D:4:      layout_basic, minmay_shop_grid_forest, sigmund_army,
          uniq_blork_the_orc
D:5:      layout_rooms
D:6:      nicolae_BIG_FREAKIN_CUBE, layout_basic, serial_rivers,
          chequers_serial_rivers_small_3, chequers_serial_rivers_micro_c,
          chequers_serial_rivers_micro_e, chequers_serial_rivers_room_a,
          chequers_serial_rivers_micro_e, chequers_serial_rivers_micro_b,
          uniq_eustachio
D:7:      layout_gridville, kennysheep_generic_room_2, uniq_pikel, uniq_joseph
D:8:      layout_gridville
D:9:      nzn_winding_woodlands_small [nzn_winding_woodlands_5x15_lazy_stream,
          nzn_winding_woodlands_center_pierced_h,
          nzn_winding_woodlands_5x15_cabin], layout_stronghold,
          minmay_door_square
D:10:     layout_stronghold, erik_lair_island, gammafunk_ghost_stat_death
D:11:     layout_irregular_city, orc_0_dummy
D:12:     layout_rooms, wad_scary_box, uniq_nergalle
D:13:     layout_basic, david_vaults_5, wad_floor_pattern_untrapped
D:14:     layout_basic, nicolae_dithmenos_the_darkroom
D:15:     grunt_enter_depths_giant_problem, layout_loops_ring,
          serial_nicolae_subway, nicolae_sub_station_metal,
          nicolae_sub_station_stone, nicolae_sub_station_crystal
Temple:   mainiacjoe_temple_starburst
Lair:1:   cheibrodos_lair_river_kwai, layout_loops_ring, grunt_megastairs_5
Lair:2:   layout_chaotic_city, spider_nest_entry_webs,
          portal_ice_cave_entry_imps, gammafunk_ghost_grave, patterned_corridor
Lair:3:   layout_cave_pods
Lair:4:   layout_small_grid, elwin_shoals_entry_stream, lemuel_fruit_tree,
          lemuel_fruit_fields, uniq_nessos
Lair:5:   layout_layer_cave, nicolae_slime_entry_slimehenge
Lair:6:   cheibrodos_lair_end_hotspot, layout_regular_city
Shoals:1: layout_shoals, nicolae_shoals_shepherds, uniq_nikola, uniq_mlioglotl
Shoals:2: layout_shoals, serial_shops, shop
Shoals:3: layout_shoals, uniq_polyphemus
Shoals:4: shoals_end_hellmonk_lost_city
Spider:1: layout_spider_delve
Spider:2: layout_spider_delve, uniq_asterion
Spider:3: layout_chambers
Spider:4: spider_rune_water, hellmonk_narrow_tunnel
Slime:1:  layout_caves, basic_altar
Slime:2:  layout_caves
Slime:3:  cheibrodos_slime_lost_civilization_10, layout_caves,
          amcnicky_altar_lugonu_corruption
Slime:4:  nicolae_slime_jelly_donut, layout_caves,
          nicolae_slime_welcoming_committee
Slime:5
Orc:1:    layout_diamond_mine
Orc:2:    grunt_orc_gardens, layout_diamond_mine, grunt_orc_garden,
          grunt_orc_garden, grunt_orc_garden, grunt_orc_garden, special_room,
          basic_altar, minmay_orc_temple_a
Elf:1:    eino_elf_arrival_altar, layout_rooms, minmay_elf_sorcery
Elf:2:    elven_hall_of_blades_hangedman_original [mumra_blade_entry_dagger],
          layout_loops_ring, hangedman_elf_simple_split, grunt_ministairs_14
Elf:3:    minmay_elf_hall_four_x, layout_geoelf_diagonals, basic_altar
Vaults:1: vaults_mumra_hex, nicolae_vaults_what_the_h,
          nicolae_vaults_ninety_degrees, vaults_mumra_chevron_long,
          hangedman_vaults_pinch, ontoclasm_vaults_shuriken,
          ontoclasm_vaults_decontamination, v_misc_24, hangedman_vaults_cutoff,
          ontoclasm_vaults_gateway, layout_vaults_omnigrid, enter_trove_0
Vaults:2: v_alt_pattern_2, v_pattern_4, nicolae_vaults_circle_grid_a,
          nicolae_vaults_network_periphery, gammafunk_sealed_arena, v_misc_8,
          ontoclasm_vaults_claustrophobia, nicolae_vaults_little_squares_2,
          v_rooms_5, ontoclasm_vaults_ring_small, v_rooms_5, v_misc_18,
          layout_vaults_maze, serial_shops, nicolae_lakefront_shop, uniq_donald,
          uniq_jory, uniq_bai_suzhen, uniq_mennas
Vaults:3: gammafunk_ghost_necromancy, nicolae_vaults_stairing_the_circle,
          minmay_crypt_entry_nasty_monster, ontoclasm_vaults_hangar,
          gammafunk_the_bubble [the_bubble_gammafunk_crates],
          vaults_standard_mumra_lines, v_alt_pattern_2, hangedman_vaults_hat,
          ontoclasm_vaults_bender, v_rooms_2, vaults_room_door_hall,
          layout_vaults_omnibox
Vaults:4: v_misc_2, nicolae_vaults_rhombus_6, hangedman_vaults_restitches,
          vaults_room_hallway, hangedman_vaults_restitches,
          hangedman_vaults_river_flow, nicolae_vaults_asterisk,
          nicolae_vaults_specimen_jars, layout_vaults_big_room, serial_shops,
          nicolae_shop_behind_doors, uniq_margery
Vaults:5
Crypt:1:  layout_rooms, evilmike_ambush [evilmike_ambush_outer_pillars,
          evilmike_ambush_inner_wall_2]
Crypt:2:  layout_rooms, st_stairs_13, grunt_megastairs_4, uniq_khufu
Crypt:3:  david_glass_crypt, layout_basic, mu_enter_wizlab_2, uniq_saint_roka,
          uniq_mara
Depths:1: layout_cave_pools, kennysheep_minor_cross, grunt_hell_entry_dis_mu,
          abyss_entry, serial_bayou, serial_bayou_lagoon_b, serial_bayou_pond_c,
          serial_bayou_shore_b, serial_bayou_ford_a, minivault_11,
          hangedman_research_quantum, serial_bayou_shore_b
Depths:2: minmay_the_grid_octo_tiled_octocenter [minmay_the_grid_octo_toaster,
          minmay_the_grid_octo_77, minmay_the_grid_octo_checkerflower,
          minmay_the_grid_octo_odd_swirl,
          minmay_the_grid_octo_prize_ultimate_mussel_roller,
          minmay_the_grid_square_5x5_n, minmay_the_grid_square_5x5_checkered,
          minmay_the_grid_square_5x5_beaten_path,
          minmay_the_grid_square_5x5_tri_point], layout_twisted_cross,
          enter_ziggurat_e, minmay_misc_feat_square, rand_demon_pan_entry_1,
          serial_shops, shop, hell_entry, kennysheep_another_room,
          kiku_gazebo_pond_becter
Depths:3: minmay_imperfect_grid, layout_gridlike, abyss_entry_flame_altar,
          hangedman_decor_diamond_cutter, hell_entry, corexii_hall_statues_l,
          hangedman_glass_teeth, infiniplex_staircase_river
Depths:4: grunt_zot_entry_tricorne, layout_gridville, minmay_room_of_horrors,
          hell_entry, kennysheep_random_hallway, grunt_megastairs_2
Hell
Zot:1:    layout_onion_interference
Zot:2:    layout_onion_interference, hangedman_zot_decor_checkerboard,
          kennysheep_underground_church
Zot:3:    dreamdust_black_sun_cult, layout_onion_interference,
          nzn_ghost_randoct, st_stairs_14

Skill      XL: |  1  2  3  4  5  6  7  8  9 10 11 12 13 14 15 16 17 18 19 20 21 22 23 24 25 26 27 |
---------------+----------------------------------------------------------------------------------+-----
Armour         | 4 5 6 7 8 9 10 11 13 14 15 16 17 18 19 20 21 22 26 27 | 27.0
Long Blades    | 3 4 5 6 7 9 11 12 14 15 16 17 18 20 21 22 23 25 27 | 27.0
Fighting       | 4 5 6 7 8 10 12 13 14 15 17 18 19 20 22 24 26 27 | 27.0
Shields        | 4 5 7 8 10 11 12 14 15 17 18 20 21 22 24 26 27 | 27.0
Dodging        | 1 2 3 4 5 6 |  6.4
Stealth        | 1 3 4 14 | 14.1
Invocations    | 1 2 3 4 5 13 | 13.9
Short Blades   | 1 3 4 |  4.1
Axes           | 1 |  1.3
Maces & Flails | 1 |  1.4
Polearms       | 1 |  1.8
Staves         | 1 |  1.5
Crossbows      | 1 |  1.3
Throwing       | 1 |  1.2
Unarmed Combat | 1 |  1.4
Summonings     | 1 |  1.5
Slings         | 1 |  1.2
Bows           | 1 |  1.2
Transmutations | 1 |  1.0
Fire Magic     | 1 |  1.0
Air Magic      | 1 |  1.0
Evocations     | 1 3 |  3.8
Spellcasting   | |  0.7
Conjurations   | |  0.7
Hexes          | |  0.7
Necromancy     | |  0.8
Translocations | |  0.8
Ice Magic      | |  0.7
Earth Magic    | |  0.8
Poison Magic   | |  0.7

Action                   |  1- 3 |  4- 6 |  7- 9 | 10-12 | 13-15 | 16-18 | 19-21 | 22-24 | 25-27 || total
-------------------------+-------+-------+-------+-------+-------+-------+-------+-------+-------++-------
Melee: Long sword        |    61 |   101 |   173 |       |       |       |       |       |       ||   335
       Headbutt          |     8 |    18 |    57 |   102 |   271 |   182 |   155 |   731 |   919 ||  2443
       Scimitar          |       |       |    86 |   123 |       |       |       |       |       ||   209
       Double sword      |       |       |       |   101 |       |       |       |       |   869 ||   970
       Demon blade       |       |       |       |   179 |  1076 |   790 |   659 |  1920 |   872 ||  5496
       Short sword       |       |       |       |    14 |    10 |       |       |       |       ||    24
       Katana            |       |       |       |       |       |       |       |    67 |       ||    67
       Eudemon blade     |       |       |       |       |       |       |       |    86 |  1049 ||  1135
Invok: Heroism           |       |       |       |     8 |    11 |     5 |     2 |    13 |    28 ||    67
Evoke: Wand              |       |       |       |       |     4 |       |     2 |     2 |     9 ||    17
  Use: Scroll            |       |     1 |     6 |    14 |     6 |     6 |     2 |    11 |    12 ||    58
       Potion            |       |     2 |     1 |       |     4 |     3 |     5 |     1 |     5 ||    21
 Stab: Paralysed         |       |       |       |       |     3 |       |       |       |       ||     3
       Invisible         |       |       |       |       |     2 |       |       |       |       ||     2
       Petrified         |       |       |       |       |       |       |     8 |       |       ||     8
       Distracted        |       |       |       |       |       |       |       |       |     1 ||     1
Armor: Scale mail        |    36 |       |       |       |       |       |       |       |       ||    36
       Chain mail        |       |    64 |   115 |   191 |   181 |       |       |       |       ||   551
       Crystal plate arm |       |       |       |       |   361 |   561 |   342 |   847 |   632 ||  2743
       Gold dragon scale |       |       |       |       |       |       |       |       |  1018 ||  1018
Dodge: Dodged            |    28 |    38 |    85 |   149 |   406 |   336 |   215 |   593 |  1085 ||  2935
Block: Buckler           |    10 |    14 |       |       |       |       |       |       |       ||    24
       Kite shield       |       |     8 |   163 |   241 |   809 |   816 |   598 |   865 |  3849 ||  7349
       Tower shield      |       |       |       |       |       |       |       |  1727 |       ||  1727
       Reflection        |       |       |       |       |       |       |       |       |    22 ||    22
